 Seeded DCSS version 0.27-a0-1228-gfd60fd639a (webtiles) character file.

Game seed: 49 (custom seed)

384 Snicker the Sneak (level 6, -5/46 HPs)
             Began as a Demonspawn Brigand on June 8, 2021.
             Slain by Grinder (6 damage)
             ... on level 4 of the Dungeon.
             The game lasted 00:07:59 (3475 turns).

Snicker the Sneak (Demonspawn Brigand)              Turns: 3475, Time: 00:07:59

Health: -5/46      AC:  3    Str: 11    XL:     6   Next: 47%
Magic:  6/6        EV: 12    Int: 15    God:
Gold:   156        SH:  6    Dex: 17    Spells: 5/5 levels left

rFire    . . .     SeeInvis .   a - +3 quick blade of Diet Blood {vorpal, rCorr Int+3}
rCold    . . .     Faith    .   (no shield)
rNeg     . . .     Spirit   .   b - +0 robe
rPois    .         Reflect  .   (no helmet)
rElec    .         Harm     .   c - +0 cloak
rCorr    +         Rampage  .   (no gloves)
Will     .....                  (no boots)
Stlth    +++.......             (no amulet)
HPRegen  0.15/turn              (no ring)
MPRegen  0.10/turn              (no ring)

@: attractive
A: hooves 1, large bone plates 2, powered by death 1
a: no special abilities


You were on level 4 of the Dungeon.
You visited 1 branch of the dungeon, and saw 4 of its levels.

You collected 156 gold pieces.

Inventory:

Hand Weapons
 a - the +3 quick blade of Diet Blood (weapon) {vorpal, rCorr Int+3}
   (You acquired it on level 1 of the Dungeon)

   It inflicts extra damage upon your enemies.
   It affects your intelligence (+3).
   It protects you from acid and corrosion.
 f - a +2 dagger
 j - a +0 dagger of draining
 m - a +1 dagger of flaming
Missiles
 d - 8 poisoned darts (quivered)
Armour
 b - a +0 robe (worn)
 c - a +0 cloak (worn)
Jewellery
 q - a ring of resist corrosion
Wands
 k - a wand of iceblast (10)
 p - a wand of flame (14)
Scrolls
 g - 5 scrolls of identify
 i - 2 scrolls of enchant armour
 l - a scroll of vulnerability {unknown}
 n - a scroll of teleportation
 o - 2 scrolls of magic mapping {unknown}


   Skills:
 + Level 2.9 Fighting
 * Level 3.8 Short Blades
 + Level 2.3 Throwing
 + Level 2.1 Dodging
 * Level 5.3 Stealth
 + Level 0.7 Shields


You had 5 spell levels left.
You didn't know any spells.
Your spell library was empty.

Dungeon Overview and Level Annotations

Branches:
Dungeon (4/15)
 Temple: D:4-7

Altars:
Makhleb
Qazlal
Zin

Annotations:
D:4 Grinder


Innate Abilities, Weirdness & Mutations

You have large cloven feet.
You are mostly covered in large bone plates. (SH +6)
You regenerate a little health from kills.


Message History

There is an open door here.
A centaur comes into view.
Grinder comes into view.
The centaur shouts!
Grinder shouts!
The centaur wields a +0 shortbow.
The centaur shoots an arrow.
The arrow misses you.
The centaur shoots an arrow.
The arrow hits you!
The centaur shoots an arrow.
You block the arrow.
Grinder blinks!
Found 9 gold pieces.
The centaur shoots an arrow.
The arrow hits you!
The centaur shoots an arrow.
The arrow hits you!
The centaur shoots an arrow.
The arrow hits you!
* * * LOW HITPOINT WARNING * * *
You block Grinder's attack.
Grinder blinks!
The centaur shoots an arrow.
The arrow closely misses you.
The arrow hits Grinder.
You feel better. Grinder hits you!
* * * LOW HITPOINT WARNING * * *
Grinder says, "Don't move a muscle."
You feel better. Grinder hits you but does no damage.
You puncture Grinder! You kick Grinder.
Grinder is moderately wounded.
You closely miss Grinder. Your kick misses Grinder.
Grinder is moderately wounded.
Grinder hits you.
You writhe in agony.
* * * LOW HITPOINT WARNING * * *
You barely miss Grinder.
Grinder is moderately wounded.
You closely miss Grinder.
Grinder is moderately wounded.
Grinder hits you.
* * * LOW HITPOINT WARNING * * *
You writhe in agony.
* * * LOW HITPOINT WARNING * * *
It was a potion of attraction.
You feel attractive to monsters. Grinder hits you.
* * * LOW HITPOINT WARNING * * *
You writhe in agony.
You die...

...#........#..# #...############
...#........#..# #...............
...#........##.###....###########
...#........##..##....#
...#####'######.###+#.# #### #.#
#..##.#+####### # #####.#
#..##.......... # #...#.#
##..#.....c...$ # #.....#
#@.#......# ### ####.....#
#####5#....+ ####'. #..#.....#
#........c.# #...#. #..#.....#
#.###...#### #.>.## #.<#.....#
#.# #...# ..#...#
#.##.....####.####).# #########
#........#..........# ...#. #
####.....#.##.#####..# #.>.#. #
.........#.##..........#...# #


You could see Grinder.

Vanquished Creatures
  2 water moccasin skeletons
  A jelly (D:4)
  A howler monkey (D:4)
  An orc priest (D:3)
  An iguana (D:4)
  Ijyb (D:4)
  Terence (D:2)
  A howler monkey skeleton (D:4)
  2 adders (D:2)
  3 worms
  5 orcs
  3 ball pythons
  9 bats
  8 endoplasms
  2 giant cockroaches
  7 goblins
  3 hobgoblins
  5 kobolds
  4 quokkas
  6 rats
66 creatures vanquished.

Notes
Turn   | Place    | Note
-------+----------+-------------------------------------------
     0 | D:1      | Snicker the Demonspawn Brigand began the quest for the Orb.
     0 | D:1      | Reached XP level 1. HP: 16/16 MP: 1/1
   170 | D:1      | Reached skill level 1 in Dodging
   209 | D:1      | Gained mutation: You are partially covered in large bone
                  | plates. (SH +4) [demonic ancestry]
   209 | D:1      | Reached XP level 2. HP: 14/23 MP: 2/2
   554 | D:1      | Identified a scroll of acquirement
   554 | D:1      | Acquired the +3 quick blade of Diet Blood {vorpal, rCorr
                  | Int+3}
   919 | D:2      | Gained mutation: You have large cloven feet. [demonic
                  | ancestry]
   919 | D:2      | Reached XP level 3. HP: 4/28 MP: 3/3
   919 | D:2      | HP: 1/28 [bat (1)]
  1132 | D:2      | Found a faded altar of an unknown god.
  1447 | D:2      | Noticed Terence
  1467 | D:2      | Killed Terence
  1468 | D:2      | Reached skill level 4 in Stealth
  1468 | D:2      | Reached XP level 4. HP: 34/34 MP: 4/4
  1848 | D:3      | Gained mutation: You are mostly covered in large bone
                  | plates. (SH +6) [demonic ancestry]
  1848 | D:3      | Reached XP level 5. HP: 32/39 MP: 5/5
  2095 | D:3      | Found a burning altar of Makhleb.
  2693 | D:3      | Found a stormy altar of Qazlal.
  2928 | D:4      | Reached skill level 5 in Stealth
  2935 | D:4      | Gained mutation: You regenerate a little health from kills.
                  | [demonic ancestry]
  2935 | D:4      | Reached XP level 6. HP: 44/46 MP: 6/6
  3027 | D:4      | Noticed Ijyb
  3043 | D:4      | Killed Ijyb
  3462 | D:4      | Noticed Grinder
  3475 | D:4      | HP: 1/46 [Grinder (3)]
  3475 | D:4      | Slain by Grinder

Illustrated notes

Levels and vault maps discovered:
D:1:      sevenhm_arrival_forest_fort_small_4, layout_loops_ring
D:2:      layout_basic, shapermc_ecumenical_altar_gd, serial_bayou_pond_e,
          uniq_terence
D:3:      layout_loops_ring, nicolae_qazlal_eye_of_the_storm,
          lightli_temple_of_fire
D:4:      layout_basic, lemuel_crystal_altar,
          nicolae_ossuary_entry_false_entrances, uniq_ijyb, uniq_grinder

Skill      XL: |  1  2  3  4  5 |
---------------+----------------+-----
Throwing       | 2 |  2.3
Dodging        | 1 2 |  2.1
Short Blades   | 2 3 |  3.8
Stealth        | 4 5 |  5.3
Fighting       | |  2.9
Shields        | |  0.7

Action                   |  1- 3 |  4- 6 || total
-------------------------+-------+-------++-------
Melee: Dagger            |    25 |       ||    25
       Quick blade       |    49 |   117 ||   166
       Kick              |     4 |    33 ||    37
Throw: Dart              |     2 |       ||     2
  Use: Scroll            |     3 |       ||     3
       Potion            |     2 |     3 ||     5
 Stab: Sleeping          |     9 |     7 ||    16
       Distracted        |       |     1 ||     1
Armor: Robe              |    23 |     8 ||    31
Dodge: Dodged            |    39 |    22 ||    61
Block: Other             |    10 |    14 ||    24

Table legend: (Time is in decaauts)
 A = Elapsed time spent in this place.
 B = Non-inter-level travel time spent in this place.
 C = Inter-level travel time spent in this place.
 D = Time resting spent in this place.
 E = Time spent auto-exploring this place.
 F = Levels seen in this place.
 G = Mean time per level.
                   A        B        C        D        E       F      G
               +--------+--------+--------+--------+--------+-----+--------+
         Total |   3406 |   3277 |    129 |    316 |   2446 |   4 |  851.5 |
       Dungeon |   3406 |   3277 |    129 |    316 |   2446 |   4 |  851.5 |
               +--------+--------+--------+--------+--------+-----+--------+

Top non-repeatable levels by time:
     D:3: 1077 daAuts
     D:1: 896 daAuts
     D:2: 777 daAuts
     D:4: 655 daAuts
